 Dungeon Crawl Stone Soup version 0.26.1-2-gb8aa6d0cf2 (webtiles) character file.

Game seed: 3210553228712227701

3226 Alarak the Fighter (level 9, -8/90 HPs)
             Began as a Hill Orc Monk on Mar 23, 2021.
             Was a Believer of Beogh.
             Mangled by a two-headed ogre
             ... wielding a +0 giant club
              (11 damage)
             ... on level 9 of the Dungeon on Mar 24, 2021.
             The game lasted 00:35:49 (13257 turns).

Alarak the Fighter (Hill Orc Monk)                 Turns: 13257, Time: 00:35:49

Health: -8/90      AC: 17    Str: 17    XL:     9   Next: 98%
Magic:  9/9        EV:  6    Int: 10    God:    Beogh [**....]
Gold:   500        SH:  0    Dex: 13    Spells: 8/8 levels left

rFire    x . .     SeeInvis .   H - +5 battleaxe (freeze) (curse)
rCold    + . .     Faith    +   (shield currently unavailable)
rNeg     . . .     Spirit   .   u - +0 plate armour
rPois    +         Reflect  .   (no helmet)
rElec    .         Harm     .   x - scarf {repulsion}
rCorr    .         Rampage  .   (no gloves)
Will     .....                  n - +2 pair of boots
Stlth    ..........             J - amulet of faith
HPRegen  0.25/turn              w - ring of poison resistance
MPRegen  0.11/turn              C - ring of ice

@: repel missiles
A: no striking features
a: Renounce Religion, Smiting


You were on level 9 of the Dungeon.
You worshipped Beogh.
Beogh was pleased with you.
You visited 1 branch of the dungeon, and saw 9 of its levels.

You collected 500 gold pieces.

Inventory:

Hand Weapons
 a - a +0 hand axe
 h - a +1 dagger of venom
 z - a +2 vampiric hand axe
 B - a +0 halberd
 H - a cursed +5 battleaxe of freezing (weapon)
 I - a +3 hand axe of freezing
 K - a +2 antimagic halberd
Missiles
 N - 177 stones (quivered)
Armour
 b - a +0 robe
 g - a +0 ring mail
 k - a +0 kite shield
 n - a +2 pair of boots (worn)
 t - a +0 tower shield
 u - a +0 plate armour (worn)
 v - a +0 plate armour
 x - a scarf of repulsion (worn)
 y - a +1 chain mail
 G - a +0 plate armour
 S - a scarf of shadows
Jewellery
 w - a ring of poison resistance (left hand)
 C - a ring of ice (right hand)
 J - an amulet of faith (around neck)
 M - an uncursed amulet of the acrobat
Wands
 D - a wand of polymorph (9)
 F - a wand of flame (25)
 R - a wand of acid (8)
Scrolls
 f - 9 scrolls of identify
 l - 5 scrolls of teleportation
 p - 3 scrolls of amnesia
 r - a scroll of enchant armour
 O - a scroll of fog
 Q - a scroll of random uselessness {unknown}
Potions
 c - 4 potions of resistance
 d - 2 potions of curing
 e - 3 potions of degeneration {unknown}
 i - a potion of haste
 j - 2 potions of mutation {unknown}
 m - 3 potions of heal wounds {unknown}
 o - a potion of cancellation {unknown}
 q - a potion of lignification {unknown}
 s - 2 potions of brilliance {unknown}
 A - a potion of berserk rage {unknown}
 E - a potion of flight {unknown}
 L - a potion of magic {unknown}
 P - a potion of attraction {unknown}


   Skills:
 - Level 12.0 Fighting
 + Level 7.3 Axes
 - Level 9.0 Armour
 - Level 2.4 Dodging
 - Level 1.5 Stealth


You had 8 spell levels left.
You didn't know any spells.
Your spell library was empty.

Dungeon Overview and Level Annotations

Branches:
Dungeon (9/15)             Temple (0/1) D:7
   Lair: D:8-11         Orc: D:9-12

Altars:
Dithmenos
Hepliaklqana

Shops:
D:6 =


Message History

You hit the two-headed ogre. You freeze the two-headed ogre.
The two-headed ogre is lightly wounded.
The two-headed ogre hits you but does no damage.
The two-headed ogre hits you with a +0 giant club!!
Your plate armour prevents you from hitting the two-headed ogre.
The two-headed ogre is lightly wounded.
The two-headed ogre hits you but does no damage.
The two-headed ogre hits you with a +0 giant club!!
* * * LOW HITPOINT WARNING * * *
You slice the two-headed ogre!! You freeze the two-headed ogre!
The two-headed ogre is severely wounded.
You slash the phantom! The phantom barely misses you.
The two-headed ogre hits you with a +0 giant club!!
* * * LOW HITPOINT WARNING * * *
The two-headed ogre barely misses you.
You slash the two-headed ogre! You freeze the two-headed ogre.
The two-headed ogre is almost dead.
You miss the phantom. The phantom barely misses you.
The two-headed ogre hits you with a +0 giant club!
You die...

....................
....................
..........†.........
#######'####.####...
.........###.##########.
.........#..............
.........#..............
.........+..............
)........######W@....###
...####### #O.....# ...#
........+ ...#
..........# ...#
............# ...#
....##....### ...# #...
#....# ...# ### #.....
...#


You could see a two-headed ogre and a phantom.

Vanquished Creatures
  Prince Ribbit (D:5)
  Duvessa (D:5)
  2 ice beasts (D:5)
  A black bear (D:6)
  2 sky beasts
  3 orc warriors
  A phantom (D:6)
  An ogre (D:8)
  A centaur (D:8)
  3 bullfrogs
  3 big kobolds
  Dowan (D:5)
  2 scorpions
  10 wights
  2 jellies
  A hound (D:3)
  A quasit (D:6)
  A bullfrog zombie (D:8)
  3 orc priests
  A bullfrog skeleton (D:7)
  6 orc wizards
  A centaur skeleton (D:8)
  2 iguanas
  6 worker ants
  A hound zombie (D:7)
  A hound skeleton (D:5)
  4 gnolls
  7 adders
  2 shadow imps
  3 white imps
  3 ufetubi
  An ooze (D:1)
  An adder skeleton (D:4)
  An adder zombie (D:5)
  A worm (D:2)
  2 dart slugs
  9 leopard geckos
  15 orcs
  A ball python (D:3)
  4 giant cockroaches
  6 goblins
  9 hobgoblins
  19 jackals
  19 kobolds
  3 quokkas
  5 bats
  5 frilled lizards
  A quokka skeleton (D:5)
  10 rats
189 creatures vanquished.

Vanquished Creatures (others)
  An orc wizard (D:4)
  A worker ant (D:4)
  6 orcs
  A frilled lizard (D:4)
9 creatures vanquished.

Grand Total: 198 creatures vanquished

Notes
Turn   | Place    | Note
-------+----------+-------------------------------------------
     0 | D:1      | Alarak the Hill Orc Monk began the quest for the Orb.
     0 | D:1      | Reached XP level 1. HP: 19/19 MP: 1/1
   200 | D:1      | Reached XP level 2. HP: 26/26 MP: 2/2
   213 | D:1      | Reached skill level 5 in Axes
   879 | D:1      | Reached XP level 3. HP: 33/33 MP: 3/3
   994 | D:1      | Reached skill level 4 in Fighting
  2307 | D:2      | Found a hazy altar of Hepliaklqana.
  2308 | D:2      | Found a shadowy altar of Dithmenos.
  2308 | D:2      | Noticed a shadow
  2583 | D:3      | Reached XP level 4. HP: 41/41 MP: 4/4
  2615 | D:3      | Reached skill level 5 in Fighting
  3033 | D:3      | Reached skill level 6 in Fighting
  3033 | D:3      | Reached XP level 5. HP: 27/50 MP: 5/5
  3550 | D:4      | Reached skill level 1 in Armour
  3709 | D:4      | Became a worshipper of Beogh the Brigand
  3709 | D:4      | Reached * piety under Beogh
  3709 | D:4      | Reached ** piety under Beogh
  3796 | D:4      | Noticed an ogre
  4964 | D:5      | Entered Level 5 of the Dungeon
  5231 | D:5      | Reached XP level 6. HP: 50/57 MP: 6/6
  5395 | D:5      | Noticed Duvessa
  5395 | D:5      | Noticed Dowan
  5425 | D:5      | Killed Duvessa
  5430 | D:5      | Killed Dowan
  5431 | D:5      | Reached skill level 5 in Armour
  5600 | D:5      | Noticed an ice beast
  5620 | D:5      | Noticed an ice beast
  5944 | D:5      | Noticed Prince Ribbit
  6086 | D:5      | Reached XP level 7. HP: 55/63 MP: 7/7
  7163 | D:5      | Reached XP level 8. HP: 50/70 MP: 8/8
  7686 | D:5      | Killed Prince Ribbit
  8808 | D:6      | Reached skill level 7 in Fighting
  8812 | D:6      | Reached skill level 8 in Fighting
  9247 | D:6      | Reached skill level 9 in Fighting
  9280 | D:6      | Reached XP level 9. HP: 80/83 MP: 9/9
  9458 | D:6      | Found Pinexes's Jewellery Emporium.
  9623 | D:7      | Found a staircase to the Ecumenical Temple.
 10502 | D:7      | Reached *** piety under Beogh
 10503 | D:7      | Reached skill level 10 in Fighting
 11114 | D:8      | Reached skill level 11 in Fighting
 11425 | D:8      | Paralysed by an orc warrior for 2 turns
 11442 | D:8      | Paralysed by an orc warrior for 6 turns
 11777 | D:8      | Paralysed by an orc warrior for 2 turns
 11803 | D:7      | HP: 1/81 [orc warrior/cursed -2 dire flail (10)]
 12609 | D:8      | Reached skill level 12 in Fighting
 13249 | D:9      | Noticed a two-headed ogre
 13256 | D:9      | HP: 3/90 [two-headed ogre/+0 giant club (18)]
 13257 | D:9      | Mangled by a two-headed ogre

Illustrated notes

Levels and vault maps discovered:
D:1:      minmay_arrival_arboretum_small, layout_loops_cross
D:2:      lemuel_upstairs_altar, layout_basic,
          riverfiend_overflow_shadow_ancestor
D:3:      layout_basic
D:4:      layout_basic, grunt_decor_cap
D:5:      layout_basic, uniq_prince_ribbit1, uniq_duvessa
D:6:      layout_cave_pools, serial_shops,
          nicolae_shop_competitors_out_of_business
D:7:      layout_loops_cross, minmay_temple_entry_sparse_star, bh_walls_and_bars
D:8:      layout_rooms, kennysheep_generic_room_6
D:9:      layout_gridville, kennysheep_mini, old_standard_altar, serial_shops,
          shop

Skill      XL: |  1  2  3  4  5  6  7  8  9 |
---------------+----------------------------+-----
Axes           | 5 7 |  7.3
Fighting       | 4 6 9 12 | 12.0
Armour         | 3 5 7 9 |  9.0
Dodging        | |  2.4
Stealth        | |  1.5

Action                   |  1- 3 |  4- 6 |  7- 9 || total
-------------------------+-------+-------+-------++-------
Melee: Hand axe          |    73 |   104 |   617 ||   794
       Dagger            |    51 |   131 |       ||   182
       Battleaxe         |       |       |    56 ||    56
Invok: Convert to Beogh  |       |     1 |       ||     1
Evoke: Wand              |       |       |     8 ||     8
  Use: Scroll            |       |    12 |     4 ||    16
 Stab: Sleeping          |     3 |       |       ||     3
Armor: Robe              |    14 |       |       ||    14
       Ring mail         |    18 |    71 |       ||    89
       Chain mail        |       |    76 |       ||    76
       Plate armour      |       |       |   499 ||   499
Dodge: Dodged            |    79 |   120 |   144 ||   343
       Repelled          |       |     1 |     4 ||     5
Block: Kite shield       |       |    27 |   247 ||   274
